 Dungeon Crawl Stone Soup version 0.16.2-2-g470672f (webtiles) character file.

72 FruitAndGarbage the Magician (level 4, -3/24 HPs)
             Began as a Deep Elf Wizard on Aug 17, 2015.
             Slain by Robin
             ... wielding a +0 mace
              (6 damage)
             ... on level 2 of the Dungeon.
             The game lasted 00:07:27 (1871 turns).

FruitAndGarbage the Magician (Deep Elf Wizard)      Turns: 1871, Time: 00:07:27

Health: -3/24      AC:  1    Str:  4    XL:     4   Next: 7%
Magic:  1/17       EV: 13    Int: 24    God:
Gold:   47         SH:  0    Dex: 13    Spells: 6 memorised, 1 level left

rFire  . . .     SeeInvis .     g - +0 dagger
rCold  . . .     Clarity  .     a - +0 robe
rNeg   . . .     SustAb   .     (no shield)
rPois  .         Gourm    .     b - +0 hat
rElec  .         Spirit   .     (no cloak)
rCorr  .         Warding  .     (no gloves)
rMut   .         Stasis   .     (no boots)
MR     .....                    (no amulet)
Stlth  ++........               (no ring)
                                (no ring)

@: very slightly contaminated, not resistant to hostile enchantments, unstealthy
A: blurry vision 1, deformed body, deterioration 1
a: no special abilities


You were on level 2 of the Dungeon.
You were not hungry.

You visited 1 branch of the dungeon, and saw 2 of its levels.

You collected 47 gold pieces.

Inventory:

Hand weapons
 g - a +0 dagger (weapon)
Armour
 a - a +0 robe (worn)
 b - a +0 hat (worn)
Scrolls
 e - 2 scrolls of identify {unknown}
 h - a scroll of random uselessness {unknown}
 i - a scroll of enchant armour {unknown}
 k - 5 scrolls of teleportation {unknown}
 l - a scroll of noise {unknown}
Books
 c - a book of Minor Magic

   Spells                             Type                      Level
   a - Magic Dart                     Conjuration                  1
   b - Blink                          Translocation                2
   c - Call Imp                       Summoning                    2
   d - Repel Missiles                 Charms/Air                   2
   e - Slow                           Hexes                        2
   f - Conjure Flame                  Conjuration/Fire             3
   g - Mephitic Cloud                 Conjuration/Poison/Air       3
Comestibles
 d - 2 bread rations
 f - a beef jerky
 n - a chunk of flesh
 o - 4 fruits


   Skills:
 * Level 0.5 Fighting
 + Level 2.7 Dodging
 + Level 2.8 Stealth
 + Level 5.2 Spellcasting
 + Level 1.3 Conjurations
 * Level 1.0 Hexes
 * Level 0.4 Charms
 * Level 1.4 Summonings
 * Level 2.0 Translocations
 * Level 0.6 Air Magic


You had one spell level left.
You knew the following spells:

 Your Spells              Type           Power        Failure   Level  Hunger
a - Magic Dart            Conj           ##..         6%          1    None
b - Blink                 Tloc           N/A          8%          2    None
c - Call Imp              Summ           ##......     10%         2    None
d - Repel Missiles        Chrm/Air       #.....       12%         2    None
e - Slow                  Hex            ##......     12%         2    None
f - Mephitic Cloud        Conj/Pois/Air  #.......     24%         3    ##.....


Dungeon Overview and Level Annotations

Branches:
Dungeon (2/15)

Altars:
Makhleb

Annotations:
D:2 Robin


Innate Abilities, Weirdness & Mutations

Scrolls take you a little longer to read.
Armour fits poorly on your strangely shaped body.
Your body is slowly deteriorating.


Message History

Robin roars a battlecry!
The giant newt hisses menacingly.
Casting: Magic Dart
Confirm with . or Enter, or press ? or * to list all spells.
You blink.
Your magical contamination has completely faded away.
The giant newt hisses menacingly.
Casting: Blink
Confirm with . or Enter, or press ? or * to list all spells.
You miscast Blink.
You are very lightly contaminated with residual magic.
You feel a wrenching sensation. Robin hits you with a mace.
* * * LOW HITPOINT WARNING * * *
Robin closely misses you. The giant newt misses you.
There is an open door here.
Drink which item? (? for menu, Esc to quit)
You feel better. The hobgoblin misses you. The hobgoblin hits you.
* * * LOW HITPOINT WARNING * * *
Robin hits you with a mace.
You die...

............###
............'(.
.........g..###
..........l..#
########......#
#........##...#
#........##...#
####g.......##...#
#..@g.......##.#.##
#.##gl......##.#..#
#.##........##.#..##
#.##........##.#...#
#.##........##.#.#.#
#.##........#..#.#..
#.##........#..#.##.
#.##........#.##.##รท
#.####...........)..


You could see Robin, 2 hobgoblins and a giant newt.

Vanquished Creatures
  A hound (D:2)
  2 giant geckos (D:1)
  3 hobgoblins
  3 jackals (D:2)
  3 kobolds (D:1)
  2 giant cockroaches (D:2)
  A giant newt (D:1)
  17 goblins
  6 rats
38 creatures vanquished.

Vanquished Creatures (collateral kills)
  2 goblins (D:2)
  A hobgoblin (D:2)
3 creatures vanquished.

Vanquished Creatures (others)
  A white imp (D:2)
1 creature vanquished.

Grand Total: 42 creatures vanquished

Notes
Turn   | Place    | Note
--------------------------------------------------------------
     0 | D:1      | FruitAndGarbage, the Deep Elf Wizard, began the quest for the Orb.
     0 | D:1      | Reached XP level 1. HP: 10/10 MP: 6/6
     2 | D:1      | Noticed a troll
     2 | D:1      | Noticed a formicid
     4 | D:1      | Noticed an ogre
     4 | D:1      | Noticed a draconian
     6 | D:1      | Noticed a naga
     8 | D:1      | Noticed an elf
    10 | D:1      | Noticed a centaur
    10 | D:1      | Noticed a gargoyle
    12 | D:1      | Noticed a minotaur
    12 | D:1      | Noticed a human
    14 | D:1      | Noticed a demigod
    16 | D:1      | Noticed a vampire
    16 | D:1      | Noticed a tengu
    18 | D:1      | Noticed a demonspawn
    18 | D:1      | Noticed a felid
    22 | D:1      | Noticed a merfolk
    22 | D:1      | Noticed a spriggan
    24 | D:1      | Noticed a vine stalker
    24 | D:1      | Noticed an octopode
    26 | D:1      | Noticed a dwarf
    26 | D:1      | Noticed a ghoul
   263 | D:1      | Reached XP level 2. HP: 15/15 MP: 7/10
   267 | D:1      | Learned a level 2 spell: Blink
   270 | D:1      | Learned a level 2 spell: Call Imp
   273 | D:1      | Learned a level 2 spell: Repel Missiles
   276 | D:1      | Learned a level 2 spell: Slow
   620 | D:1      | You fall through a shaft!
   952 | D:1      | Reached skill level 5 in Spellcasting
  1307 | D:2      | Reached XP level 3. HP: 19/19 MP: 6/14
  1312 | D:2      | Learned a level 3 spell: Mephitic Cloud
  1484 | D:2      | Found a burning altar of Makhleb.
  1498 | D:2      | Reached skill level 1 in Hexes
  1806 | D:2      | Reached XP level 4. HP: 24/24 MP: 8/17
  1807 | D:2      | Noticed Robin
  1823 | D:2      | Gained mutation: Armour fits poorly on your strangely shaped body. [potion of mutation]
  1823 | D:2      | Gained mutation: Your body is slowly deteriorating. [potion of mutation]
  1823 | D:2      | Gained mutation: Scrolls take you a little longer to read. [potion of mutation]
  1871 | D:2      | Slain by Robin

Action                   |  1- 3 |  4- 6 || total
-------------------------+-------+-------++-------
Melee: Dagger            |       |     9 ||     9
 Cast: Magic Dart        |    86 |     3 ||    89
       Repel Missiles    |     2 |     1 ||     3
       Mephitic Cloud    |     1 |     1 ||     2
       Blink             |       |     1 ||     1
       Call Imp          |       |     1 ||     1
  Use: Potion            |       |     3 ||     3
  Eat: Chunk             |     3 |       ||     3
